 Dungeon Crawl Stone Soup version 0.22.1-1-ga44c0e5 (webtiles) character file.

4535 Kalelzar the Cleaver (level 10, -8/88 HPs)
             Began as a Minotaur Berserker on Sept 25, 2018.
             Was a High Priest of Trog.
             Engulfed by a cloud of flame (19 damage)
             ... on level 1 of the Orcish Mines on Sept 27, 2018.
             The game lasted 00:51:50 (14129 turns).

Kalelzar the Cleaver (Minotaur Berserker)          Turns: 14129, Time: 00:51:51

Health: -8/88      AC: 19    Str: 26      XL:     10   Next: 17%
Magic:  9/9        EV:  6    Int:  4      God:    Trog [*****.]
Gold:   425        SH:  8    Dex: 11 (13) Spells: 9/9 levels left

rFire    . . .     SeeInvis .   n - +1 hand axe (chop)
rCold    . . .     Gourm    .   y - +0 shield
rNeg     . . .     Faith    +   h - +0 plate armour
rPois    .         Spirit   .   (helmet restricted)
rElec    .         Reflect  .   f - +2 cloak
rCorr    +         Harm     .   v - +0 pair of gloves "Soczas" {rCorr Dex+2} (curse)
MR       +++..                  (no boots)
Stlth    ..........             m - amulet of faith
HPRegen  1.24/turn              k - ring of protection from magic
MPRegen  0.11/turn              (no ring)

@: flying, regenerating
A: retaliatory headbutt, claws 1, horns 2, thin skeletal structure 1,
deterioration 1, evolution 1
a: Berserk, Trog's Hand, Brothers in Arms, Renounce Religion


You were on level 1 of the Orcish Mines.
You worshipped Trog.
Trog was extremely pleased with you.
You were not hungry.

You visited 3 branches of the dungeon, and saw 12 of its levels.
You also visited: Sewer.

You collected 425 gold pieces.

Inventory:

Hand Weapons
 n - a +1 hand axe of chopping (weapon)
Armour
 f - a +2 cloak (worn)
 h - a +0 plate armour (worn)
 v - the cursed +0 pair of gloves "Soczas" (worn) {rCorr Dex+2}
   (You found it on level 7 of the Dungeon)

   It affects your dexterity (+2).
   It provides partial protection from all sources of acid and corrosion.
   It has a curse placed upon it.
 y - a +0 shield (worn)
Jewellery
 k - a ring of protection from magic (left hand)
 m - an amulet of faith (around neck)
Wands
 l - a wand of paralysis (20)
 t - a wand of acid (10)
 A - a wand of iceblast (7)
Scrolls
 a - 3 scrolls of amnesia
 b - 7 scrolls of teleportation
 d - a scroll of fear {unknown}
 e - 3 scrolls of random uselessness
 g - 3 scrolls of blinking
 i - a scroll of acquirement {unknown}
 j - 6 scrolls of remove curse
 p - a scroll of noise {unknown}
 s - a scroll of immolation
 w - a scroll of identify
Potions
 o - a potion of agility
 q - a potion of flight
 r - a potion of lignification {unknown}
 u - a potion of berserk rage {unknown}
 x - a potion of cancellation {unknown}
 z - a potion of haste {unknown}
 B - a potion of curing
Comestibles
 c - 6 rations


   Skills:
 + Level 7.7 Fighting
 * Level 13.1 Axes
 + Level 9.7 Armour
 + Level 3.2 Dodging
 - Level 1.1 Stealth


You had 9 spell levels left.
You didn't know any spells.
Your spell library was empty.

Dungeon Overview and Level Annotations

Branches:
Dungeon (12/15)            Temple (1/1) D:5             Orc (1/2) D:12
   Lair: D:8-11

Altars:
Ashenzari
Cheibriados
Dithmenos
Elyvilon
Fedhas
Gozag
Hepliaklqana
Kikubaaqudgha
Makhleb
Nemelex Xobeh
Okawaru
Qazlal
Ru
Sif Muna
Trog
Uskayaw
Vehumet
Wu Jian
Xom
Yredelemnul
Zin
The Shining One

Shops:
D:8 =


Innate Abilities, Weirdness & Mutations

You reflexively headbutt those who attack you in melee.
You have a pair of horns on your head.
You have sharp fingernails.
You have a somewhat thin skeletal structure. (Dex +2, Stealth)
Your body sometimes deteriorates upon taking damage.
You evolve.


Message History

The fiery explosion engulfs something.
The fiery explosion engulfs the orc priest.
The orc priest explodes!
Trog accepts your kill. x2
Trog appreciates your killing of a magic user.
Reactivating autopickup.
You feel a bit more experienced. Trog accepts your kill.
The fiery explosion engulfs you! Trog accepts your kill.
The fiery explosion engulfs you!
* * * LOW HITPOINT WARNING * * *
Trog accepts your kill.
You are engulfed in blazing flames.
* * * LOW HITPOINT WARNING * * *
You hear a bark!
You hear a shout! x6
Your skin crawls.
You feel resistant to hostile enchantments.
You feel somewhat more hungry.
You are engulfed in blazing flames.
You die...

..................
...%...(.....%....
..........#.......
......§§§(........
......§§§§...#..#.
####..§§§..%......
##o§§§§<.(.....
#.§§§§........
#.#@#.........
#.........#...
##............
#......%.....
##.....###...
.......# ...
.........
..#.#.#..


You could see an orc warrior (inner flame).

Vanquished Creatures
  Harold (D:9)
  An unseen horror (D:7)
  Psyche (D:9)
  A merfolk (D:9)
  An ice beast (D:9)
  3 orc warriors
  4 phantoms
  A sky beast (D:12)
  An ogre (Orc:1)
  2 centaurs
  3 bullfrogs
  3 scorpions
  4 wights (D:9)
  2 crimson imps
  3 hounds
  A gnoll shaman (D:8)
  3 jellies
  3 bullfrog skeletons
  7 orc priests
  5 orc wizards
  2 iguanas
  7 worker ants
  A mummy (D:9)
  A worker ant zombie (D:8)
  A river rat (D:3)
  8 adders
  3 gnolls (D:8)
  7 oozes
  An adder skeleton (D:9)
  An adder zombie (D:5)
  8 worms
  A dart slug (D:2)
  6 leopard geckos
  33 orcs
  8 giant cockroaches
  4 goblins
  7 hobgoblins
  16 jackals
  A kobold (D:1)
  3 quokkas
  6 ball pythons
  11 bats
  5 frilled lizards
  A quokka skeleton (D:6)
  5 rats
197 creatures vanquished.

Notes
Turn   | Place    | Note
-------+----------+-------------------------------------------
     0 | D:1      | Kalelzar the Minotaur Berserker began the quest for the
                  | Orb.
     0 | D:1      | Reached XP level 1. HP: 19/19 MP: 0/0
   457 | D:1      | Reached skill level 4 in Axes
   457 | D:1      | Reached XP level 2. HP: 24/27 MP: 1/1
  1228 | D:2      | Reached XP level 3. HP: 24/33 MP: 2/2
  1488 | D:2      | Reached ** piety under Trog
  2252 | D:3      | Noticed a phantom
  2266 | D:3      | Reached XP level 4. HP: 30/41 MP: 3/3
  2301 | D:3      | Killed a phantom
  2301 | D:3      | Reached skill level 5 in Axes
  2301 | D:3      | Reached XP level 5. HP: 44/47 MP: 4/4
  2305 | D:3      | Found a glowing drain.
  2311 | Sewer    | Entered a sewer
  2570 | Sewer    | Reached skill level 6 in Axes
  2574 | Sewer    | Reached *** piety under Trog
  4308 | D:3      | Reached XP level 6. HP: 53/53 MP: 5/5
  5216 | D:4      | Reached skill level 7 in Axes
  5998 | D:5      | Entered Level 5 of the Dungeon
  6152 | D:5      | Reached skill level 5 in Fighting
  6152 | D:5      | Reached skill level 1 in Stealth
  6159 | D:5      | Reached XP level 7. HP: 49/61 MP: 6/6
  6295 | D:5      | Noticed a dagger
  6296 | D:5      | Noticed a dagger
  6316 | D:5      | Found a hide-covered altar of Uskayaw.
  6362 | D:5      | Found a staircase to the Ecumenical Temple.
  6371 | Temple   | Entered the Ecumenical Temple
  7037 | D:5      | Gained mutation: Your spells are a little easier to cast,
                  | but a little less powerful. [potion of mutation]
  7037 | D:5      | Gained mutation: You are agile. (Dex +2) [potion of
                  | mutation]
  7081 | D:5      | Lost mutation: You are agile. (Dex +2) [potion of mutation]
  7081 | D:5      | Lost mutation: Your spells are a little easier to cast, but
                  | a little less powerful. [potion of mutation]
  7081 | D:5      | Gained mutation: You have sharp fingernails. [potion of
                  | mutation]
  7081 | D:5      | Gained mutation: You evolve. [potion of mutation]
  7121 | D:5      | Reached skill level 8 in Axes
  7711 | D:5      | Gained mutation: You have a somewhat thin skeletal
                  | structure. (Dex +2, Stealth) [evolution]
  7908 | D:6      | Reached skill level 5 in Armour
  9112 | D:7      | Got a pair of encrusted gloves
  9131 | D:7      | Reached skill level 9 in Axes
  9131 | D:7      | Reached XP level 8. HP: 70/70 MP: 7/7
  9379 | D:7      | Identified the cursed +0 pair of gloves "Soczas" {rCorr
                  | Dex+2} (You found it on level 7 of the Dungeon)
  9406 | D:7      | Reached **** piety under Trog
 10300 | D:7      | Killed an unseen horror
 10300 | D:7      | Reached skill level 10 in Axes
 10880 | D:7      | Reached XP level 9. HP: 78/78 MP: 8/8
 11141 | D:8      | Found Wigimp's Jewellery Boutique.
 11646 | D:8      | Gained mutation: Your body sometimes deteriorates upon
                  | taking damage. [evolution]
 12328 | D:8      | Reached skill level 11 in Axes
 12628 | D:9      | Noticed a merfolk
 12638 | D:9      | Killed a merfolk
 12957 | D:9      | Reached ***** piety under Trog
 12961 | D:9      | Found a snail-covered altar of Cheibriados.
 13045 | D:9      | Noticed Harold
 13061 | D:9      | Killed Harold
 13061 | D:9      | Reached skill level 12 in Axes
 13273 | D:9      | Noticed Psyche
 13281 | D:9      | Killed Psyche
 13281 | D:9      | Reached XP level 10. HP: 82/86 MP: 9/9
 14024 | D:9      | You fall through a shaft for 3 floors!
 14067 | D:12     | Found a staircase to the Orcish Mines.
 14080 | D:12     | Reached skill level 13 in Axes
 14101 | Orc:1    | Entered Level 1 of the Orcish Mines
 14129 | Orc:1    | Engulfed by a cloud of flame

Skill      XL: |  1  2  3  4  5  6  7  8  9 10 |
---------------+-------------------------------+-----
Fighting       | 4 5 6 7 |  7.7
Axes           | 4 5 6 7 9 10 12 13 | 13.1
Armour         | 3 4 5 8 9 |  9.7
Stealth        | 1 |  1.1
Dodging        | 3 |  3.2

Action                   |  1- 3 |  4- 6 |  7- 9 | 10-12 || total
-------------------------+-------+-------+-------+-------++-------
Melee: Hand axe          |    66 |   164 |   179 |    18 ||   427
       Headbutt          |    13 |    23 |    50 |     6 ||    92
       Battleaxe         |       |       |    52 |     2 ||    54
Invok: Trog's Hand       |       |     1 |     2 |     1 ||     4
       Berserk           |       |       |     4 |       ||     4
Evoke: Wand              |     1 |     1 |     1 |       ||     3
  Use: Scroll            |     3 |     7 |    12 |     1 ||    23
       Potion            |     1 |     3 |     6 |     1 ||    11
 Stab: Paralysed         |     2 |     2 |       |       ||     4
       Distracted        |       |       |       |     1 ||     1
  Eat: Chunk             |     2 |     6 |    11 |       ||    19
       Ration            |     1 |     2 |     5 |       ||     8
Armor: Animal skin       |     2 |       |       |       ||     2
       Leather armour    |     5 |       |       |       ||     5
       Scale mail        |    15 |    90 |     1 |       ||   106
       Plate armour      |       |       |   230 |    13 ||   243
Dodge: Dodged            |    41 |   112 |   124 |     7 ||   284
Block: Shield            |       |       |       |     8 ||     8
